 Dungeon Crawl Stone Soup version 0.18-a0-1572-g0a86841 (webtiles) character file.

44 Oddball22 the Vexing (level 3, 0/17 HPs)
             Began as a Spriggan Arcane Marksman on Mar 15, 2016.
             Slain by a ball python (1 damage)
             ... on level 1 of the Dungeon.
             The game lasted 00:03:43 (1331 turns).

Oddball22 the Vexing (Spriggan Arcane Marksman)     Turns: 1331, Time: 00:03:43

Health: 0/17       AC:  2    Str:  7    XL:     3   Next: 41%
Magic:  7/8        EV: 15    Int: 12    God:
Gold:   20         SH:  0    Dex: 16    Spells: 3 memorised, 1 level left

rFire  . . .     SeeInvis +     a - +0 hunting sling
rCold  . . .     Gourm    .     b - +0 robe
rNeg   . . .     Faith    .     (shield restricted)
rPois  .         Spirit   .     (helmet restricted)
rElec  .         Dismiss  .     (no cloak)
rCorr  .         Reflect  .     (gloves unavailable)
SustAt .         Harm     .     (boots unavailable)
MR     .....                    (no amulet)
Stlth  ++........               (no ring)
                                j - -2 ring of intelligence (curse)

@: constricted, very quick, not resistant to hostile enchantments, unstealthy
A: unfitting armour, see invisible, herbivore 3, speed 3, slow metabolism 2
a: no special abilities


You were on level 1 of the Dungeon.
You were not hungry.

You visited 1 branch of the dungeon, and saw 2 of its levels.

You collected 20 gold pieces.

Inventory:

Hand Weapons
 a - a +0 hunting sling (weapon)
Missiles
 d - 4 sling bullets (quivered)
 e - 25 stones
Armour
 b - a +0 robe (worn)
Jewellery
 j - a cursed -2 ring of intelligence (left hand)
Scrolls
 k - 2 scrolls of remove curse
 n - a scroll of teleportation
Potions
 g - a potion of might {unknown}
 h - a potion of ambrosia {unknown}
 m - 2 potions of cancellation {unknown}
 o - a potion of berserk rage {unknown}
 q - a potion of flight {unknown}
 s - a potion of curing {unknown}
Books
 c - a book of Debilitation

   Spells                             Type                      Level
   a - Corona                         Hexes                        1
   b - Slow                           Hexes                        2
   c - Gell's Gravitas                Hexes/Translocation          3
   d - Inner Flame                    Hexes/Fire                   3
   e - Cause Fear                     Hexes                        4
   f - Leda's Liquefaction            Hexes/Earth                  4
Comestibles
 f - 2 bread rations
 p - a slice of pizza


   Skills:
 - Level 0.7 Fighting
 + Level 2.8 Slings
 - Level 3.0 Dodging
 + Level 1.6 Stealth
 * Level 2.8 Spellcasting
 + Level 4.2 Hexes


You had one spell level left.
You knew the following spells:

 Your Spells              Type           Power        Failure   Level  Hunger
a - Corona                Hex            ##.....      6%          1    #......
b - Slow                  Hex            ##......     10%         2    ###....
c - Gell's Gravitas       Hex/Tloc       #.........   34%         3    ###....


Dungeon Overview and Level Annotations

Branches:
Dungeon (2/15)

Altars:

Annotations:
D:2 Natasha


Innate Abilities, Weirdness & Mutations

You are tiny and cannot use many weapons and most armour.
You have supernaturally acute eyesight.
You are a herbivore.
You cover ground extremely quickly.
You need consume almost no food.


Message History

Press: ? - help, Shift-Dir - straight line, f/p - goblin
Aim: a goblin, wielding a dagger of speed (heavily wounded, softly glowing)
You shoot a sling bullet.
The sling bullet hits the goblin but does no damage.
The goblin is heavily wounded.
The goblin stops glowing.
The goblin hits you with a dagger of speed.
* * * LOW HITPOINT WARNING * * *
The ball python misses you.
* * * LOW HITPOINT WARNING * * *
The ball python constricts you. The giant cockroach closely misses you.
Firing (i - inventory. (,) - cycle):
d - 5 sling bullets (quivered)
Press: ? - help, Shift-Dir - straight line, f/p - goblin
Aim: a goblin, wielding a dagger of speed (heavily wounded)
You shoot a sling bullet.
The sling bullet barely misses the goblin.
The goblin misses you.
The giant cockroach completely misses you.
The ball python barely misses you.
You die...

#...# #.......................
#...# #............###........
###...# #............###+#######
#.....###............##......##.
#...####.............##......##.
#...####......###............##.
#......#......# #......#+#...##.
##.....'......####.....#.#.#.##.
#...รท.......##@g.....(.........
#...........##sS...............
#..................####........
#####........#.......#.........
#.........#.......#.........
#####.........#.......#.........
#........)....#.......#.........
##.............##########+#......
...............## #....######+


You could see a giant cockroach, a goblin and a ball python.

Vanquished Creatures
  A gnoll (D:1)
  An ooze (D:1)
  2 dart slugs (D:1)
  A giant gecko (D:1)
  A giant cockroach (D:1)
  3 goblins (D:1)
  2 hobgoblins (D:1)
  4 kobolds (D:1)
  5 bats (D:1)
  A giant newt (D:1)
  4 rats (D:1)
25 creatures vanquished.

Notes
Turn   | Place    | Note
--------------------------------------------------------------
     0 | D:1      | Oddball22 the Spriggan Arcane Marksman began the quest for the Orb.
     0 | D:1      | Reached XP level 1. HP: 9/9 MP: 3/3
   241 | D:1      | Reached XP level 2. HP: 9/14 MP: 4/6
   285 | D:1      | Reached skill level 1 in Stealth
   373 | D:1      | Learned a level 2 spell: Slow
   380 | D:1      | Reached skill level 4 in Hexes
   462 | D:1      | Reached XP level 3. HP: 17/17 MP: 7/7
  1068 | D:1      | Learned a level 3 spell: Gell's Gravitas
  1085 | D:2      | Noticed Natasha
  1331 | D:1      | Slain by a ball python

Vault maps used:
D:1:      minmay_arrival_cross
D:2:      zin_academy, uniq_natasha

Skill      XL: |  1  2 |
---------------+-------+-----
Spellcasting   | 2 |  2.8
Stealth        | 1 |  1.6
Hexes          | 4 |  4.2
Fighting       | |  0.7
Slings         | |  2.8
Dodging        | |  3.0

Action                   || total
-------------------------++-------
 Fire: Hunting sling     ||    90
 Cast: Corona            ||    11
       Slow              ||     1
  Use: Scroll            ||     4
